Unix NetHack Version 5.0.0-0 post-release - last build Jun 10 2026 00:39:30 (3ee93aec679c4c4259841fe613dc97188e26a321,branch:main).

Game began 2026-06-25 21:46:18, ended 2026-06-25 22:04:09.

GdeVolpiano, lawful female dwarven Cavewoman

                                                        ---
                ----   ----- -----           --- --------.----------
                |..-  --...---...----        |..--...--......--..|.-------
                |...---.............|        |.............(.............-- ---
                |.|..|..............--     ---.....-...%........[.............|
             ----.--.|.---...........--   --..................................|
             -.%df@.)..| |............|   |..........................---  ..---
          ..(%.---f[...| ---..........--  -----.........--.-----....--      |
         |...--  --....|   |...........|      |--.......|---  --....---
         --       |...--  --..........----- ---.....--.--     |.......|
                  |.---   |......--..-- |..--...---------- ----.......---
                  |.|     --.....| ---  |......-|     --.--#.|...*......--
                  |.|      --...--      --......--  ---..................|
                  |.|       |-..|     ------.....----.........#--.......--
                  |.|       |...-------.[| #.|................| |.....---
                  |.        --....%......#--.|.........>..--..- -.....|
                  --        --......---#.[...#...........--|.... ..*..-
                            |.<....).| |*.---|...........| |...........
                            |...--..-- ----  ----.|.------ --.----......
                            --..|----           -----       ---  --..--..
                             ----                                 ---- ---
GdeVolpiano the Aborigine  St:18 Dx:13 Co:19 In:10 Wi:8 Ch:7  Lawful
Dlvl:5  $:0  HP:0(59) Pw:11(11) AC:2  Xp:5 T:1670  Burdened

Latest messages:
 The leprechaun hits Heliodore.
 Heliodore bites the leprechaun.
 What do you want to use or apply? [ghk-mo-quw-zCHIMPST or ?*]
 You put 70 gold pieces into the bag called type 1.
 Heliodore bites the leprechaun.
 The leprechaun misses Heliodore.
 Heliodore bites the dwarf.
 The dwarf wields a dagger!
 Heliodore bites the dwarf.
 Heliodore bites the dwarf.
 The dwarf is killed!
 Heliodore eats a dwarf corpse.
 You see here a gnome corpse.
 You hit the ape.
 The leprechaun hits!
 The ape misses!
 The ape hits!
 The ape bites!
 The ape hits!
 The ape hits again!
 The ape bites!
 You hit the ape.
 The ape misses!
 The ape hits!
 The ape misses!
 You hit the ape!
 The ape hits!
 The ape hits again!
 The ape bites!
 Heliodore bites the goblin.
 The goblin is killed!
 The ape hits!
 The ape misses!
 The ape bites!
 Heliodore eats a goblin corpse.
 You hit the ape!
 The ape misses!
 The ape misses!
 The ape bites!
 You miss the ape.
 The ape misses!
 The ape hits!
 The ape bites!
 You kill the ape!
 The werewolf bites!
 The housecat bites!
 You swap places with Heliodore.
 The housecat bites!
 You die...
 Do you want your possessions identified? [ynq] (y)

Inventory:
 Weapons  (')')
  r - a +0 bow
  b - a +2 sling (alternate weapon; not wielded)
  a - a +1 club (weapon in left hand)
 Armor    ('[')
  Y - a cursed +0 pair of leather gloves
  E - an uncursed +0 pair of elven boots (being worn)
  J - an uncursed +0 plate mail (being worn)
 Comestibles  ('%')
  Z - 2 cursed food rations
  c - 2 cursed lembas wafers
  d - a cursed pancake
  e - a cursed rotten tin of giant spider meat
 Scrolls  ('?')
  s - a blessed scroll of enchant armor
  n - an uncursed scroll of identify
  L - a cursed scroll of identify
  X - a cursed scroll of light
 Spellbooks  ('+')
  S - a cursed spellbook of detect monsters
 Potions  ('!')
  U - 4 cursed potions of healing
  N - a cursed potion of monster detection
  R - 3 cursed potions of object detection
  O - an uncursed potion of see invisible
  f - an uncursed potion of sleeping
 Rings    ('=')
  V - an uncursed ring of fire resistance
  Q - a cursed ring of searching
  j - an uncursed ring of warning
  W - a cursed ring of warning
 Wands    ('/')
  p - a wand of magic missile (0:6)
  P - a cursed wand of opening (0:4)
  M - a cursed wand of secret door detection (0:0)
  C - a wand of sleep (0:5)
  T - a cursed wand of sleep (0:5)
  l - a cursed wand of slow monster (0:6)
 Tools    ('(')
  g - a cursed sack containing 14 items
  h - a cursed bag of tricks (0:11)
  o - an uncursed blindfold
  m - a cursed magic lamp (lit)
  q - a cursed magic marker (0:68)
  I - a +0 pick-axe
  k - an uncursed skeleton key
  x - a cursed tinning kit (0:93)
  y - a cursed +0 unicorn horn
  z - a cursed +0 unicorn horn
  w - an uncursed wax candle
  u - a cursed wax candle
 Gems/Stones  ('*')
  v - a cursed dilithium crystal
  A - a cursed jasper stone
  F - an uncursed jet stone
  G - a cursed topaz stone
  i - an uncursed worthless piece of blue glass
  K - an uncursed worthless piece of green glass
  B - 3 uncursed worthless pieces of red glass
  t - 2 uncursed worthless pieces of yellow glass
  D - an uncursed worthless piece of yellowish brown glass
  H - an uncursed touchstone

Contents of the sack:
  4376 gold pieces
  a cursed scroll of amnesia
  an uncursed scroll of food detection
  an uncursed scroll of remove curse
  an uncursed scroll of enchant weapon
  a blessed scroll of destroy armor
  a blessed scroll of confuse monster
  2 uncursed scrolls of enchant armor
  an uncursed scroll of identify
  an uncursed potion of enlightenment
  an uncursed potion of invisibility
  an uncursed potion of blindness
  2 uncursed potions of healing
  an uncursed potion of object detection

GdeVolpiano the Cavewoman's attributes:

Background:
 You were an Aborigine, a level 5 dwarven Cavewoman.
 You were lawful, on a mission for Anu
 who was opposed by Ishtar (neutral) and Anshar (chaotic).
 You were left-handed.
 You were in the Gnomish Mines, on level 5.
 You entered the dungeon 1670 turns ago.
 It was nighttime.
 You had 246 experience points, 74 more were needed to attain level 6.

Basics:
 You had 0 out of 59 hit points.
 You had all 11 energy points (spell power).
 Your armor class was 2.
 Your wallet was empty, but
 you had 4376 zorkmids stashed away in your pack.
 Autopickup was on for '$?!/="+' plus thrown, with exceptions.

Final Characteristics:
 Your strength was 18 (limit:18/100).
 Your dexterity was 13 (limit:20).
 Your constitution was 19 (limit:20).
 Your intelligence was 10 (limit:16).
 Your wisdom was 8 (limit:16).
 Your charisma was 7 (limit:16).

Final Status:
 You weren't hungry.
 You were burdened; movement was slightly slowed.
 You were wielding a club.
 You had basic skill with club.

Final Attributes:
 You were devoutly aligned.
 You were telepathic.
 You had infravision.
 You were stealthy.
 You were guarded.
 You are dead.

Miscellaneous:
 You encountered 1 bones level.
 Total elapsed playing time was 17 minutes and 49 seconds.

Major events:
 Turn
    1: GdeVolpiano the lawful dwarven Cavewoman entered the dungeon
  284: attained the rank of Aborigine (level 3)
  581: entered the Gnomish Mines
 1670: killed by a housecat

You didn't know any spells.

Skills:
 Fighting Skills
   bare handed combat [Basic]
 Weapon Skills
   dagger             [Unskilled]
   knife              [Unskilled]
   axe                [Unskilled]
   pick-axe           [Unskilled]
   club               [Basic]
   mace               [Unskilled]
   morning star       [Unskilled]
   flail              [Unskilled]
   hammer             [Unskilled]
   quarterstaff       [Unskilled]
   polearms           [Unskilled]
   spear              [Unskilled]
   trident            [Unskilled]
   bow                [Unskilled]
   sling              [Basic]
   boomerang          [Unskilled]
   unicorn horn       [Unskilled]
 Spellcasting Skills
   attack spells      [Unskilled]
   matter spells      [Unskilled]

Voluntary challenges:
 Character rerolling was not enabled.
 You never genocided any monsters.
 You never polymorphed an object.
 You never changed form.
 You used no wishes.
Achievements:
 You attained the rank of Aborigine.
 You entered the Gnomish Mines.
 You entered a shop.

 The Dungeons of Doom: levels 1 to 3
    Level 1:
       A fountain.
    Level 2:
       A general store.
       Stairs down to The Gnomish Mines.
    Level 3:
 The Gnomish Mines: levels 3 to 5
    Level 3:
    Level 4:
    Level 5: <- You were here.
       A grave.
       Final resting place for
          you, killed by a housecat,
          relapseVIII-Arc-Hum-Mal-Neu, killed by a wolf.


Vanquished creatures:
  2 ghosts
  2 small mimics
  3 wolves
 an ape
  a gray ooze
  a little dog
  a floating eye
  a dwarf
  a hobbit
  8 manes
  2 cave spiders
  a yellow mold
  7 gnomes
  a gecko
  2 jackals
  a fox
  a kobold
  2 goblins
  6 grid bugs
  2 bats
  2 lichens
  2 kobold zombies
  3 newts
53 creatures vanquished.

No species were genocided or became extinct.

Game over:
                       ----------
                      /          \
                     /    REST    \
                    /      IN      \
                   /     PEACE      \
                  /                  \
                  |   GdeVolpiano    |
                  |     4376 Au      |
                  |   killed by a    |
                  |     housecat     |
                  |                  |
                  |                  |
                  |       2026       |
                 *|     *  *  *      | *
        _________)/\\_//(\/(/\)/\//\/|_)_______

Goodbye GdeVolpiano the Cavewoman...

You died in The Gnomish Mines on dungeon level 5 with 5635 points,
and 4376 pieces of gold, after 1670 moves.
You were level 5 with a maximum of 59 hit points when you died.

